 Dungeon Crawl Stone Soup version 0.32-a0-675-gdc239d62e1 (webtiles) character file.

Game seed: 5533432683146764702

134 Darkkill the Shooter (level 4, -5/40 HPs)
             Began as a Minotaur Hunter on Mar 11, 2024.
             Slain by Edmund
             ... wielding a +0 heavy flail
              (8 damage)
             ... on level 4 of the Dungeon.
             The game lasted 00:03:03 (2627 turns).

Darkkill the Shooter (Minotaur Hunter)              Turns: 2627, Time: 00:03:03

Health: -5/40      AC: 14    Str: 16    XL:     4   Next: 95%
Magic:  3/3        EV: 12    Int:  6    God:
Gold:   187        SH:  0    Dex: 15    Spells: 3/3 levels left

rFire   . . .        a - +0 shortbow
rCold   . . .        (shield currently unavailable)
rNeg    . . .        c - +3 leather armour
rPois   .            (helmet restricted)
rElec   .            (no cloak)
rCorr   .            (no gloves)
SInv    .            (no boots)
Will    .....        (no amulet)
Stlth   ++           p - +4 ring of protection
HPRegen 0.26/turn    i - +4 ring of protection
MPRegen 0.08/turn

%: no passive effects
@: no status effects
A: horns 2, retaliatory headbutt
a: no special abilities


You were on level 4 of the Dungeon.
You visited 1 branch of the dungeon, and saw 4 of its levels.

You collected 187 gold pieces.

Inventory:

Hand Weapons
 a - a +0 shortbow (weapon)
Missiles
 d - 2 atropa-tipped darts
 e - 58 stones
 h - 8 poisoned darts
Armour
 c - a +3 leather armour (worn)
Jewellery
 i - a +4 ring of protection (right hand)
 p - a +4 ring of protection (left hand)
Scrolls
 b - 2 scrolls of butterflies
Potions
 f - a potion of cancellation {unknown}
 g - 7 potions of might
 j - 3 potions of enlightenment
 l - a potion of curing {unknown}
 o - a potion of attraction
 q - a potion of invisibility {unknown}
 r - a potion of lignification {unknown}


   Skills:
 + Level 3.7 Fighting
 + Level 5.1 Ranged Weapons
 + Level 3.3 Dodging
 + Level 2.2 Stealth


You had 3 spell levels left.
You didn't know any spells.
Your spell library contained the following spells:

 Spells                   Type           Power      Damage    Failure   Level
 Sting                    Conj/Alch      0%         1d3       52%         1
 Mercury Vapours          Alch/Air       0%         N/A       67%         2
 Olgreb's Toxic Radiance  Alch           0%         N/A       99%         4


Dungeon Overview and Level Annotations

Branches:
Dungeon (4/15)
 Temple: D:4-7

Altars:
Sif Muna

Annotations:
D:4 Edmund


Innate Abilities, Weirdness & Mutations

You have a pair of horns on your head.
You reflexively headbutt those who attack you in melee.


Message History

Press: ? - help, Q - select action, (/) - cycle Shift-Dir - straight line, f/p - Edmund
Aim: Edmund, wielding a +0 heavy flail and wearing a +0 scale mail (lightly wounded, 65% to hit)
You shoot an arrow. The arrow hits Edmund!
Edmund is moderately wounded.
Blink to where?
Press: ? - help, Q - select action, (/) - cycle Dir - move target, p - Edmund
As you read the scroll of blinking, it crumbles to dust.
Fire: a) +0 shortbow
Press: ? - help, Q - select action, (/) - cycle Shift-Dir - straight line, f - Edmund
Aim: Edmund, wielding a +0 heavy flail and wearing a +0 scale mail (moderately wounded, 65% to hit)
You shoot an arrow.
The arrow hits Edmund but does no damage.
Edmund is moderately wounded.
Fire: a) +0 shortbow
Press: ? - help, Q - select action, (/) - cycle Shift-Dir - straight line, f/p - Edmund
Aim: Edmund, wielding a +0 heavy flail and wearing a +0 scale mail (moderately wounded, 65% to hit)
You shoot an arrow. The arrow hits Edmund.
Edmund is moderately wounded.
Fire: a) +0 shortbow
Press: ? - help, Q - select action, (/) - cycle Shift-Dir - straight line, f/p - Edmund
Aim: Edmund, wielding a +0 heavy flail and wearing a +0 scale mail (moderately wounded, 65% to hit)
You shoot an arrow.
The arrow hits Edmund but does no damage.
Edmund is moderately wounded.
Edmund hits you with a +0 heavy flail.
Fire: a) +0 shortbow
Press: ? - help, Q - select action, (/) - cycle Shift-Dir - straight line, f/p - Edmund
Aim: Edmund, wielding a +0 heavy flail and wearing a +0 scale mail (moderately wounded, 65% to hit)
You shoot an arrow. The arrow barely misses Edmund.
Fire: a) +0 shortbow
Press: ? - help, Q - select action, (/) - cycle Shift-Dir - straight line, f/p - Edmund
Aim: Edmund, wielding a +0 heavy flail and wearing a +0 scale mail (moderately wounded, 65% to hit)
You shoot an arrow. The arrow barely misses Edmund.
Edmund barely misses you. You furiously retaliate!
You headbutt Edmund.
Fire: a) +0 shortbow
Press: ? - help, Q - select action, (/) - cycle Shift-Dir - straight line, f/p - Edmund
Aim: Edmund, wielding a +0 heavy flail and wearing a +0 scale mail (moderately wounded, 65% to hit)
You shoot an arrow.
The arrow hits Edmund but does no damage.
Edmund is moderately wounded.
Edmund hits you but does no damage.
Fire: a) +0 shortbow
Press: ? - help, Q - select action, (/) - cycle Shift-Dir - straight line, f/p - Edmund
Aim: Edmund, wielding a +0 heavy flail and wearing a +0 scale mail (moderately wounded, 65% to hit)
You shoot an arrow. The arrow closely misses Edmund.
Edmund hits you with a +0 heavy flail!
Fire: a) +0 shortbow
Press: ? - help, Q - select action, (/) - cycle Shift-Dir - straight line, f/p - Edmund
Aim: Edmund, wielding a +0 heavy flail and wearing a +0 scale mail (moderately wounded, 65% to hit)
You shoot an arrow. The arrow barely misses Edmund.
Fire: a) +0 shortbow
Press: ? - help, Q - select action, (/) - cycle Shift-Dir - straight line, f/p - Edmund
Aim: Edmund, wielding a +0 heavy flail and wearing a +0 scale mail (moderately wounded, 65% to hit)
You shoot an arrow. The arrow closely misses Edmund.
Edmund asks, "Have you met my wondrous brother?"
Edmund hits you with a +0 heavy flail!
* * * LOW HITPOINT WARNING * * *
Fire: a) +0 shortbow
Press: ? - help, Q - select action, (/) - cycle Shift-Dir - straight line, f/p - Edmund
Aim: Edmund, wielding a +0 heavy flail and wearing a +0 scale mail (moderately wounded, 65% to hit)
You shoot an arrow. The arrow hits Edmund!
Edmund is heavily wounded.
Edmund hits you with a +0 heavy flail.
* * * LOW HITPOINT WARNING * * *
Fire: a) +0 shortbow
Press: ? - help, Q - select action, (/) - cycle Shift-Dir - straight line, f/p - Edmund
Aim: Edmund, wielding a +0 heavy flail and wearing a +0 scale mail (heavily wounded, 65% to hit)
You shoot an arrow. The arrow closely misses Edmund.
Edmund closely misses you. You furiously retaliate!
You headbutt Edmund.
Fire: a) +0 shortbow
Press: ? - help, Q - select action, (/) - cycle Shift-Dir - straight line, f/p - Edmund
Aim: Edmund, wielding a +0 heavy flail and wearing a +0 scale mail (heavily wounded, 65% to hit)
You shoot an arrow. The arrow hits Edmund.
Edmund is severely wounded.
Edmund hits you but does no damage.
Fire: a) +0 shortbow
Press: ? - help, Q - select action, (/) - cycle Shift-Dir - straight line, f/p - Edmund
Aim: Edmund, wielding a +0 heavy flail and wearing a +0 scale mail (severely wounded, 65% to hit)
You shoot an arrow. The arrow hits Edmund.
Edmund is severely wounded.
Fire: a) +0 shortbow
Press: ? - help, Q - select action, (/) - cycle Shift-Dir - straight line, f/p - Edmund
Aim: Edmund, wielding a +0 heavy flail and wearing a +0 scale mail (severely wounded, 65% to hit)
You shoot an arrow. The arrow hits Edmund.
Edmund is severely wounded.
Edmund hits you but does no damage.
Fire: a) +0 shortbow
Press: ? - help, Q - select action, (/) - cycle Shift-Dir - straight line, f/p - Edmund
Aim: Edmund, wielding a +0 heavy flail and wearing a +0 scale mail (severely wounded, 65% to hit)
You shoot an arrow. The arrow hits Edmund.
Edmund is almost dead.
Edmund hits you with a +0 heavy flail.
* * * LOW HITPOINT WARNING * * *
Fire: a) +0 shortbow
Press: ? - help, Q - select action, (/) - cycle Shift-Dir - straight line, f/p - Edmund
Aim: Edmund, wielding a +0 heavy flail and wearing a +0 scale mail (almost dead, 65% to hit)
You shoot an arrow. The arrow closely misses Edmund.
Edmund hits you with a +0 heavy flail!
You die...
Edmund says, "That'll show my brother!"

#...#.....
###...#.....
#...........
#...........
#...........
#...........
#...........
#.@....#####
#@.[...#
########


You could see Edmund.

Vanquished Creatures
  An orc wizard (D:3)
  Robin (D:3)
  An adder (D:2)
  A dart slug (D:2)
  A ribbon worm (D:3)
  4 orcs (D:3)
  7 bats
  6 endoplasms
  10 goblins
  7 hobgoblins
  6 jackals
  3 quokkas
  5 ball pythons
  8 frilled lizards
  6 kobolds
  9 rats
76 creatures vanquished.

Notes
Turn   | Place    | Note
-------+----------+-------------------------------------------
     0 | D:1      | Darkkill the Minotaur Hunter began the quest for the Orb.
     0 | D:1      | Reached XP level 1. HP: 18/18 MP: 0/0
    66 | D:1      | Reached skill level 1 in Stealth
   122 | D:1      | Reached XP level 2. HP: 24/25 MP: 1/1
   462 | D:1      | Reached XP level 3. HP: 30/31 MP: 2/2
  1802 | D:3      | Found a shimmering blue altar of Sif Muna.
  1868 | D:3      | Reached XP level 4. HP: 38/38 MP: 3/3
  1868 | D:3      | Noticed Robin
  1883 | D:3      | Killed Robin
  1884 | D:3      | Reached skill level 5 in Ranged Weapons
  2606 | D:4      | Noticed Edmund
  2621 | D:4      | HP: 8/40 [Edmund/+0 heavy flail (5)]
  2626 | D:4      | HP: 3/40 [Edmund/+0 heavy flail (6)]
  2627 | D:4      | Slain by Edmund

Illustrated notes

Levels and vault maps discovered:
D:1:      dpeg_arrival_tiny_g, layout_loops_ring
D:2:      layout_loops_ring, minmay_fractal_squares_5
D:3:      layout_loops_ring, nicolae_sif_muna_little_library, uniq_robin
D:4:      layout_basic, uniq_ijyb, uniq_edmund

Skill      XL: |  1  2  3  4 |
---------------+-------------+-----
Stealth        | 1 2 |  2.2
Fighting       | 3 |  3.7
Dodging        | 3 |  3.3
Ranged Weapons | 5 |  5.1

Action                     |  1- 3 |  4- 6 || total
---------------------------+-------+-------++-------
   Fire: Shortbow          |   123 |    85 ||   208
    Use: Scroll            |     8 |     3 ||    11
         Potion            |     1 |       ||     1
 Armour: Leather armour    |    28 |    39 ||    67
  Dodge: Dodged            |    38 |    28 ||    66

Table legend: (Time is in decaauts)
 A = Elapsed time spent in this place.
 B = Non-inter-level travel time spent in this place.
 C = Inter-level travel time spent in this place.
 D = Time resting spent in this place.
 E = Time spent auto-exploring this place.
 F = Levels seen in this place.
 G = Mean time per level.
                   A        B        C        D        E       F      G
               +--------+--------+--------+--------+--------+-----+--------+
         Total |   2664 |   2565 |     99 |    133 |   2027 |   4 |  666.0 |
       Dungeon |   2664 |   2565 |     99 |    133 |   2027 |   4 |  666.0 |
               +--------+--------+--------+--------+--------+-----+--------+

Top non-repeatable levels by time:
     D:3: 962 daAuts
     D:2: 862 daAuts
     D:1: 796 daAuts
     D:4: 42 daAuts

Levels and vault maps discovered:
D:1:      dpeg_arrival_tiny_g, layout_loops_ring
D:2:      layout_loops_ring, minmay_fractal_squares_5
D:3:      layout_loops_ring, nicolae_sif_muna_little_library, uniq_robin
D:4:      layout_basic, uniq_ijyb, uniq_edmund

Table legend: (Time is in decaauts)
 A = Elapsed time spent in this place.
 B = Non-inter-level travel time spent in this place.
 C = Inter-level travel time spent in this place.
 D = Time resting spent in this place.
 E = Time spent auto-exploring this place.
 F = Levels seen in this place.
 G = Mean time per level.
                   A        B        C        D        E       F      G
               +--------+--------+--------+--------+--------+-----+--------+
         Total |   2664 |   2565 |     99 |    133 |   2027 |   4 |  666.0 |
       Dungeon |   2664 |   2565 |     99 |    133 |   2027 |   4 |  666.0 |
               +--------+--------+--------+--------+--------+-----+--------+

Top non-repeatable levels by time:
     D:3: 962 daAuts
     D:2: 862 daAuts
     D:1: 796 daAuts
     D:4: 42 daAuts

Table legend:
 A = Kills in this place as a percentage of kills in the entire game.
 B = Kills by you in this place as a percentage of kills by you in the entire game.
 C = Kills by friends in this place as a percentage of kills by friends in the entire game.
 D = Other kills in this place as a percentage of other kills in the entire game.
 E = Experience gained in this place as a percentage of experience gained in the entire game.
 F = Experience gained in this place divided by the number of levels of this place that you have seen.
                   A       B       C       D       E      F
               +-------+-------+-------+-------+-------+----------------------
         Total | 100.0 | 100.0 |   N/A |   N/A | 100.0 |  48.0
       Dungeon | 100.0 | 100.0 |   N/A |   N/A | 100.0 |  48.0
               +-------+-------+-------+-------+-------+----------------------
